 Dungeon Crawl Stone Soup version 0.28.0-47-ge53b351184 (webtiles) character file.

Game seed: 17848254526060936831

121 DearestLeader the Shield-Bearer (level 5, 0/47 HPs)
             Began as a Gnoll Fighter on Apr 25, 2022.
             Slain by Crazy Yiuf
             ... wielding a +4 quarterstaff of chaos
              (8 damage)
             ... on level 2 of the Dungeon.
             The game lasted 00:01:38 (2342 turns).

DearestLeader the Shield-Bearer (Gnoll Fighter)     Turns: 2342, Time: 00:01:38

Health: 0/47       AC:  7    Str: 17    XL:     5   Next: 5%
Magic:  7/7        EV:  9    Int:  8    God:
Gold:   83         SH:  5    Dex: 11    Spells: 6/6 levels left

rFire   . . .      SeeInvis .   a - +0 war axe
rCold   . . .      Faith    .   c - +0 buckler
rNeg    . . .      Spirit   .   b - +0 scale mail
rPois   .          Reflect  .   (no helmet)
rElec   .          Harm     .   (no cloak)
rCorr   .          Rampage  .   (no gloves)
Will    .....                   (no boots)
Stlth   ..........              (no amulet)
HPRegen 0.15/turn               (no ring)
MPRegen 0.10/turn               (no ring)

@: lethally poisoned (0 -> -7), invisible
A: fangs 1, strong nose, distributed training
a: no special abilities


You were on level 2 of the Dungeon.
You visited 1 branch of the dungeon, and saw 2 of its levels.

You collected 83 gold pieces.

Inventory:

Hand Weapons
 a - a +0 war axe (weapon)
Missiles
 l - 14 sling bullets
Armour
 b - a +0 scale mail (worn)
 c - a +0 buckler (worn)
Jewellery
 m - a ring of resist corrosion
Scrolls
 f - a scroll of noise {unknown}
 g - 2 scrolls of identify {unknown}
 i - 2 scrolls of enchant armour {unknown}
 j - a scroll of enchant weapon {unknown}
 k - a scroll of blinking {unknown}
Potions
 d - a potion of might
 e - a potion of berserk rage {unknown}
 h - a potion of magic {unknown}


   Skills:
 + Level 6.6 Fighting
 + Level 1.3 Short Blades
 + Level 1.3 Long Blades
 + Level 4.7 Axes
 + Level 1.3 Maces & Flails
 + Level 1.3 Polearms
 + Level 1.3 Staves
 + Level 1.3 Slings
 + Level 1.3 Bows
 + Level 1.3 Crossbows
 + Level 1.3 Throwing
 + Level 6.6 Armour
 + Level 1.3 Dodging
 + Level 1.3 Stealth
 + Level 6.6 Shields
 + Level 1.3 Unarmed Combat
 + Level 1.3 Spellcasting
 + Level 1.1 Conjurations
 + Level 1.1 Hexes
 + Level 1.1 Summonings
 + Level 1.1 Necromancy
 + Level 1.1 Translocations
 + Level 1.1 Transmutations
 + Level 1.1 Fire Magic
 + Level 1.1 Ice Magic
 + Level 1.1 Air Magic
 + Level 1.1 Earth Magic
 + Level 1.1 Poison Magic
 + Level 1.5 Invocations
 + Level 1.3 Evocations


You had 6 spell levels left.
You didn't know any spells.
Your spell library contained the following spells:

 Spells                   Type           Power      Damage    Failure   Level
 Slow                     Hex            8%         N/A       67%         1
 Confusing Touch          Hex            2%         N/A       95%         3
 Inner Flame              Hex/Fire       2%         N/A       95%         3
 Vampiric Draining        Necr           2%         2d6       95%         3
 Cause Fear               Hex            1%         N/A       100%        4
 Discord                  Hex            1%         N/A       100%        8


Dungeon Overview and Level Annotations

Branches:
Dungeon (2/15)

Altars:
Makhleb

Annotations:
D:2 Crazy Yiuf


Innate Abilities, Weirdness & Mutations

You have very sharp teeth.
Your uncanny sense of smell can sniff out nearby items.
Your experience applies equally to all skills.


Message History

You hit Natasha.
You kill Natasha!
You feel Natasha's spirit has finally been put to rest.
The crimson imp disappears in a puff of smoke!
You have reached level 5!
There is a stone staircase leading up here.
Found a mace.
Found a mace.
Found a mace.
Found a runed translucent door.
Crazy Yiuf shouts!
Crazy Yiuf whimpers, "Flower!"
You open the door. You hit Crazy Yiuf but do no damage.
Crazy Yiuf hits you with a +4 quarterstaff of chaos!
You are poisoned.
You slash Crazy Yiuf!
Crazy Yiuf is moderately wounded.
You feel extremely sick.
Crazy Yiuf hits you with a +4 quarterstaff of chaos.
You fade into invisibility!
Crazy Yiuf hits you with a +4 quarterstaff of chaos.
Crazy Yiuf freezes you.
You hit Crazy Yiuf.
Crazy Yiuf is heavily wounded.
* * * LOW HITPOINT WARNING * * *
You feel very sick. You block Crazy Yiuf's attack.
Unknown command.
You hit Crazy Yiuf but do no damage. You bite Crazy Yiuf, but do no damage.
Crazy Yiuf is heavily wounded.
* * * LOW HITPOINT WARNING * * *
You feel very sick. You block Crazy Yiuf's attack.
Unknown command.
You completely miss Crazy Yiuf.
Crazy Yiuf is heavily wounded.
* * * LOW HITPOINT WARNING * * *
You feel sick.
Crazy Yiuf hits you with a +4 quarterstaff of chaos!
You die...

.##...##.#
##.####...##
###.#.##.#
##...####.###
##..#.##.#
#.....###....
#.#......#
#####........
.#....##.# #.#######
...#.....# ### #
##...##.## ###
♣♣########## ##.###.#
#)..#♣♣ ♣♣...)##.....
#.###.##
#...g@♣♣♣♣.)....#.#.##
#......#
#...#♣..♣.......#.#.#
#.###.## ###
♣♣♣.♣....#.#.#(# #.#
#.# ♣♣♣♣♣###.#.#.#
#.###.# #.#.#.#
###<..#.# ### #.#.#.#
........# #.# #.#.#.##
#.......# #.# #.#.....
#.......####.#
#####.......


You could see Crazy Yiuf.

Vanquished Creatures
  Natasha (thrice) (D:2)
  2 adders (D:2)
  A worm (D:2)
  2 dart slugs (D:2)
  2 endoplasms (D:1)
  2 goblins
  3 hobgoblins
  A quokka (D:2)
  3 ball pythons
  2 bats
  2 frilled lizards
  2 kobolds (D:1)
  3 rats
28 creatures vanquished.

Notes
Turn   | Place    | Note
-------+----------+-------------------------------------------
     0 | D:1      | DearestLeader the Gnoll Fighter began the quest for the
                  | Orb.
     0 | D:1      | Reached XP level 1. HP: 23/23 MP: 1/1
   367 | D:1      | Reached XP level 2. HP: 21/29 MP: 2/2
  1302 | D:2      | Reached XP level 3. HP: 35/35 MP: 3/3
  1543 | D:2      | Found a burning altar of Makhleb.
  1544 | D:2      | Noticed Natasha
  1549 | D:2      | Killed Natasha
  1550 | D:2      | Reached skill level 1 in Short Blades
  1550 | D:2      | Reached skill level 1 in Long Blades
  1550 | D:2      | Reached skill level 1 in Maces & Flails
  1550 | D:2      | Reached skill level 1 in Polearms
  1550 | D:2      | Reached skill level 1 in Staves
  1550 | D:2      | Reached skill level 1 in Slings
  1550 | D:2      | Reached skill level 1 in Bows
  1550 | D:2      | Reached skill level 1 in Crossbows
  1550 | D:2      | Reached skill level 1 in Throwing
  1550 | D:2      | Reached skill level 1 in Dodging
  1550 | D:2      | Reached skill level 1 in Stealth
  1550 | D:2      | Reached skill level 1 in Unarmed Combat
  1550 | D:2      | Reached skill level 1 in Spellcasting
  1550 | D:2      | Reached skill level 1 in Invocations
  1550 | D:2      | Reached skill level 1 in Evocations
  1550 | D:2      | Reached XP level 4. HP: 33/41 MP: 5/5
  1630 | D:2      | Found a faded altar of an unknown god.
  1888 | D:2      | Noticed Natasha
  1897 | D:2      | Killed Natasha
  1898 | D:2      | Reached skill level 1 in Conjurations
  1898 | D:2      | Reached skill level 1 in Hexes
  1898 | D:2      | Reached skill level 1 in Summonings
  1898 | D:2      | Reached skill level 1 in Necromancy
  1898 | D:2      | Reached skill level 1 in Translocations
  1898 | D:2      | Reached skill level 1 in Transmutations
  1898 | D:2      | Reached skill level 1 in Fire Magic
  1898 | D:2      | Reached skill level 1 in Ice Magic
  1898 | D:2      | Reached skill level 1 in Air Magic
  1898 | D:2      | Reached skill level 1 in Earth Magic
  1898 | D:2      | Reached skill level 1 in Poison Magic
  2047 | D:2      | Noticed Natasha
  2064 | D:2      | Killed Natasha
  2065 | D:2      | Reached XP level 5. HP: 25/47 MP: 5/7
  2333 | D:2      | Found a runed translucent door.
  2334 | D:2      | Noticed Crazy Yiuf
  2342 | D:2      | Slain by Crazy Yiuf

Illustrated notes

Levels and vault maps discovered:
D:1:      minmay_arrival_plants_in_alcoves, layout_basic, minmay_crystal_room,
          minmay_surrounded
D:2:      layout_loops_ring, basic_altar, ebering_ecumenical_altar_box,
          uniq_natasha, uniq_crazy_yiuf_cottage

Skill      XL: |  1  2  3  4 |
---------------+-------------+-----
Short Blades   | 1 |  1.3
Long Blades    | 1 |  1.3
Maces & Flails | 1 |  1.3
Polearms       | 1 |  1.3
Staves         | 1 |  1.3
Slings         | 1 |  1.3
Bows           | 1 |  1.3
Crossbows      | 1 |  1.3
Throwing       | 1 |  1.3
Dodging        | 1 |  1.3
Stealth        | 1 |  1.3
Unarmed Combat | 1 |  1.3
Spellcasting   | 1 |  1.3
Invocations    | 1 |  1.5
Evocations     | 1 |  1.3
Conjurations   | 1 |  1.1
Hexes          | 1 |  1.1
Summonings     | 1 |  1.1
Necromancy     | 1 |  1.1
Translocations | 1 |  1.1
Transmutations | 1 |  1.1
Fire Magic     | 1 |  1.1
Ice Magic      | 1 |  1.1
Air Magic      | 1 |  1.1
Earth Magic    | 1 |  1.1
Poison Magic   | 1 |  1.1
Fighting       | |  6.6
Axes           | |  4.7
Armour         | |  6.6
Shields        | |  6.6

Action                   |  1- 3 |  4- 6 || total
-------------------------+-------+-------++-------
Melee: War axe           |    69 |    46 ||   115
       Bite              |     3 |     6 ||     9
Armor: Scale mail        |    29 |    14 ||    43
Dodge: Dodged            |    29 |    19 ||    48
Block: Buckler           |    15 |    15 ||    30
